 Dungeon Crawl Stone Soup version 0.16.1-14-g82efdee (webtiles) character file.

74 jacksonaction the Conjurer (level 4, 0/24 HPs)
             Began as a Deep Elf Conjurer on Apr 13, 2015.
             Slain by a sky beast (5 damage)
             ... on level 2 of the Dungeon.
             The game lasted 00:11:26 (2577 turns).

jacksonaction the Conjurer (Deep Elf Conjurer)      Turns: 2577, Time: 00:11:27

Health: 0/24       AC:  2    Str:  5    XL:     4   Next: 9%
Magic:  15/15      EV: 13    Int: 21    God:
Gold:   176        SH:  0    Dex: 15    Spells: 2 memorised, 8 levels left

rFire  . . .     SeeInvis .     (no weapon)
rCold  . . .     Clarity  .     a - +0 robe
rNeg   . . .     SustAb   .     (no shield)
rPois  .         Gourm    .     (no helmet)
rElec  .         Spirit   .     (no cloak)
rCorr  .         Warding  .     (no gloves)
rMut   .         Stasis   .     (no boots)
MR     .....                    (no amulet)
Stlth  ++........               (no ring)
                                (no ring)

@: not resistant to hostile enchantments, unstealthy
A: no striking features
a: no special abilities


You were on level 2 of the Dungeon.
You were not hungry.

You visited 1 branch of the dungeon, and saw 3 of its levels.

You collected 176 gold pieces.

Inventory:

Missiles
 r - 6 poisoned needles
Armour
 a - a +0 robe (worn)
 m - a +1 robe of positive energy
Scrolls
 e - 3 scrolls of identify {unknown}
 i - a scroll of teleportation {unknown}
 j - a scroll of immolation
 n - a scroll of enchant weapon {unknown}
 p - a scroll of recharging {unknown}
 s - a scroll of remove curse {unknown}
Potions
 d - a potion of cancellation {unknown}
 h - 3 potions of mutation {unknown}
 k - a potion of magic {unknown}
 q - 2 potions of curing {unknown}
Books
 c - a book of Conjurations

   Spells                             Type                      Level
   a - Magic Dart                     Conjuration                  1
   b - Searing Ray                    Conjuration                  2
   c - Dazzling Spray                 Conjuration/Hexes            3
   d - Fulminant Prism                Conjuration/Hexes            4
   e - Iskenderun's Mystic Blast      Conjuration                  4
   f - Iskenderun's Battlesphere      Conjuration/Charms           5
Comestibles
 b - 3 bread rations
 f - a meat ration
 g - a beef jerky
 o - a chunk of flesh


   Skills:
 - Level 2.4 Dodging
 - Level 2.4 Stealth
 + Level 4.2 Spellcasting
 + Level 5.6 Conjurations


You had 8 spell levels left.
You knew the following spells:

 Your Spells              Type           Power        Failure   Level  Hunger
a - Magic Dart            Conj           ####         1%          1    None
b - Searing Ray           Conj           ####..       1%          2    #......


Dungeon Overview and Level Annotations

Branches:
Dungeon (3/15)

Altars:
Yredelemnul
The Shining One


Message History

The sky beast hits you. The sky beast shocks you.
You climb upwards.
A bat comes into view.
The bat moves out of view.
There is a stone staircase leading down here.
Read which item? (? for menu, Esc to quit)
As you read the scroll labeled RAX SUFFAORHOS, it crumbles to dust.
The creatures around you are filled with an inner flame!
It was a scroll of immolation.
The sky beast misses you.
Read which item? (? for menu, Esc to quit)
As you read the scroll labeled STRUEK OGRUPROG, it crumbles to dust.
Forget which spell ([?*] list [ESC] exit)?
Forget which spell ([?*] list [ESC] exit)?
You don't know that spell.
Forget which spell ([?*] list [ESC] exit)?
Okay, then.
It was a scroll of amnesia.
The sky beast hits you.
* * * LOW HITPOINT WARNING * * *
The sky beast shocks you.
You die...

#.#...................
#.#............)......
#.#...................
#.#.#.#.###..######.#.
#.#.#.#.#[............
#.#.#b#.#.#....<..#.#.
#.....#.#.#.#.....#.#.
###.#.#.#.#.........#.
#.#@Y...............
#.###.#.#######.#... #.#
#.#.# #..... #.#
#.#.#########...
#.###.#.........+...
#########.##....#########...
#......##.##................
#......##.##....###....##...
#......'..###.>.# #....#####


You could see a sky beast (inner flame) and a bat (inner flame).

Vanquished Creatures
  An adder (D:2)
  2 worms (D:2)
  An orc (D:3)
  3 giant cockroaches
  9 goblins
  8 hobgoblins
  4 jackals (D:2)
  7 kobolds
  A quokka (D:2)
  2 ball pythons (D:1)
  2 bats
  3 giant newts
  9 rats
52 creatures vanquished.

Notes
Turn   | Place    | Note
--------------------------------------------------------------
     0 | D:1      | jacksonaction, the Deep Elf Conjurer, began the quest for the Orb.
     0 | D:1      | Reached XP level 1. HP: 10/10 MP: 5/5
   266 | D:1      | Reached XP level 2. HP: 15/15 MP: 4/8
   270 | D:1      | Learned a level 2 spell: Searing Ray
   678 | D:1      | Reached skill level 5 in Conjurations
  1111 | D:2      | Reached XP level 3. HP: 19/19 MP: 0/11
  2007 | D:2      | Found a basalt altar of Yredelemnul.
  2008 | D:2      | Noticed a profane servitor
  2016 | D:2      | Found a glowing golden altar of the Shining One.
  2018 | D:2      | Noticed an angel
  2209 | D:3      | Noticed a sky beast
  2327 | D:3      | Reached XP level 4. HP: 24/24 MP: 13/15
  2577 | D:2      | Slain by a sky beast

Action                   |  1- 3 |  4- 6 || total
-------------------------+-------+-------++-------
 Cast: Magic Dart        |    89 |     9 ||    98
       Searing Ray       |     2 |     1 ||     3
  Use: Scroll            |       |     2 ||     2
  Eat: Chunk             |     4 |     1 ||     5
